 Dungeon Crawl Stone Soup version 0.20.1-1-g8b1a95d (webtiles) character file.

956 Kingsmith the Grasshopper (level 7, -4/36 HPs)
             Began as a Deep Elf Conjurer on Dec 7, 2017.
             Was a Follower of Vehumet.
             Slain by an orc warrior
             ... wielding a +0 trident
              (20 damage)
             ... on level 6 of the Dungeon.
             The game lasted 00:14:44 (4729 turns).

Kingsmith the Grasshopper (Deep Elf Conjurer)       Turns: 4729, Time: 00:14:44

Health: -4/36      AC:  5    Str:  7    XL:     7   Next: 91%
Magic:  8/18       EV: 13    Int: 20    God:    Vehumet [*.....]
Gold:   201        SH:  0    Dex: 15    Spells: 4/18 levels left

rFire    + . .     SeeInvis .   H - +0 quarterstaff
rCold    . . .     Gourm    .   (shield currently unavailable)
rNeg     . . .     Faith    .   a - +0 robe
rPois    .         Spirit   .   j - +1 helmet
rElec    .         Reflect  .   (no cloak)
rCorr    .         Harm     .   (no gloves)
MR       .....                  l - +0 pair of boots
Stlth    ++........             (no amulet)
Regen    0.2/turn               B - ring of protection from fire
MPRegen  0.2/turn               (no ring)

@: no status effects
A: no striking features
a: Renounce Religion


You were on level 6 of the Dungeon.
You worshipped Vehumet.
Vehumet was aware of your devotion.
You were not hungry.

You visited 1 branch of the dungeon, and saw 6 of its levels.
You also visited: Sewer.

You collected 201 gold pieces.

Inventory:

Hand Weapons
 C - the +7 mace "Xokuzot" {crush, *Noise +Inv rElec Str+4, unknown}
   (You took it off an orc on level 5 of the Dungeon)

   It inflicts extra damage upon your enemies.
   It affects your strength (+4).
   It insulates you from electricity.
   It lets you turn invisible.
   It may make noises in combat.
 H - a +0 quarterstaff (weapon)
Armour
 a - a +0 robe (worn)
 j - a +1 helmet (worn)
 l - a +0 pair of boots (worn)
Jewellery
 v - an uncursed ring of ice
 B - a ring of protection from fire (left hand)
Wands
 y - a wand of random effects (18/48)
Scrolls
 f - 2 scrolls of blinking {unknown}
 g - 6 scrolls of teleportation
 i - 5 scrolls of identify
 k - a scroll of immolation {unknown}
 m - 2 scrolls of enchant armour
 p - 3 scrolls of magic mapping
 s - a scroll of remove curse
 t - a scroll of fog {unknown}
 G - 2 scrolls of recharging {unknown}
 I - a scroll of fear {unknown}
Potions
 d - a potion of lignification {unknown}
 e - 3 potions of haste {unknown}
 h - 5 potions of curing {unknown}
 n - 4 potions of mutation {unknown}
 o - 3 potions of berserk rage {unknown}
 q - 2 potions of brilliance {unknown}
 r - a potion of agility {unknown}
 u - 5 potions of magic {unknown}
 z - a potion of invisibility {unknown}
 A - a potion of degeneration {unknown}
 E - a potion of might {unknown}
 F - 5 potions of heal wounds {unknown}
Books
 b - a book of Conjurations

   Spells                             Type                      Level
   a - Magic Dart                     Conjuration                  1
   b - Searing Ray                    Conjuration                  2
   c - Dazzling Spray                 Conjuration/Hexes            3
   d - Fulminant Prism                Conjuration/Hexes            4
   e - Force Lance                    Conjuration/Translocation    4
   f - Iskenderun's Mystic Blast      Conjuration                  4
Comestibles
 c - 5 bread rations
 w - 6 fruits
 x - a meat ration
 D - 2 royal jellies


   Skills:
 - Level 2.4 Dodging
 - Level 2.4 Stealth
 - Level 6.0 Spellcasting
 - Level 6.7 Conjurations
 + Level 7.2 Translocations


You had 4 spell levels left.
You knew the following spells:

 Your Spells              Type           Power        Failure   Level  Hunger
a - Magic Dart            Conj           ####         1%          1    None
b - Searing Ray           Conj           ####..       1%          2    None
c - Dazzling Spray        Conj/Hex       ###...       8%          3    ##.....
d - Force Lance           Conj/Tloc      ####....     6%          4    ####...
e - Iskenderun's Mystic   Conj           ####....     6%          4    ####...


Dungeon Overview and Level Annotations

Branches:
Dungeon (6/15)
 Temple: D:4-7

Altars:
Dithmenos
Fedhas
Gozag
Nemelex Xobeh
Okawaru
Sif Muna
Trog
Uskayaw
Vehumet
Yredelemnul
Zin

Annotations:
D:4 plantmann's ghost, amateur HOGl


Message History

Aim: an orc, wielding a whip and wearing a leather armour (severely wounded)
The searing ray hits the orc warrior.
The orc warrior is lightly wounded. (Press . to maintain the ray.)
The orc warrior completely misses you.
The searing ray misses the orc warrior.
The searing ray hits the hound zombie.
The hound zombie is lightly damaged.
The orc warrior hits you from afar with a trident.
The searing ray misses the orc warrior.
The orc warrior misses you.
The searing ray hits the orc warrior.
The orc warrior is moderately wounded.
The searing ray hits the orc.
You kill the orc!
Vehumet accepts your kill.
You finish channeling your searing ray.
The orc wizard casts a spell.
The orc wizard blinks!
The orc warrior hits you from afar with a trident!!
Ouch! That really hurt!
You die...

#≈##≈≈≈≈≈##........#
#..................#
######.............#
####...........#
#..........##
##.........#
##........
##.........
#.@#....###
#.####### ..._)Zo##
...§..5 ......#
..##.# . .. #. ##


You could see an orc warrior, a shadow imp and a hound zombie.

Vanquished Creatures
  Menkaure (D:5)
  A phantom (D:4)
  2 bullfrogs (Sewer)
  A scorpion (D:5)
  A hound (D:4)
  An orc priest (D:5)
  A bullfrog skeleton (D:4)
  An orc wizard (D:6)
  Jessica (D:3)
  An iguana (D:4)
  2 worker ants
  A hound zombie (D:5)
  12 adders
  8 river rats (Sewer)
  2 shadow imps (D:5)
  4 oozes
  An adder skeleton (D:4)
  2 worms (D:2)
  2 dart slugs
  2 leopard geckos
  9 orcs
  16 ball pythons
  8 bats
  2 giant cockroaches (D:1)
  3 goblins
  3 hobgoblins
  6 jackals
  4 quokkas
  A ball python skeleton (D:4)
  11 frilled lizards
  A jackal skeleton (D:3)
  4 kobolds
  28 rats
143 creatures vanquished.

Notes
Turn   | Place    | Note
-------+----------+-------------------------------------------
     0 | D:1      | Kingsmith the Deep Elf Conjurer began the quest for the Orb.
     0 | D:1      | Reached XP level 1. HP: 10/10 MP: 6/6
   281 | D:1      | Reached XP level 2. HP: 15/15 MP: 3/8
   319 | D:1      | Learned a level 2 spell: Searing Ray
  1066 | D:2      | Reached XP level 3. HP: 17/19 MP: 6/11
  1101 | D:2      | Reached skill level 5 in Spellcasting
  1265 | D:2      | Reached XP level 4. HP: 24/24 MP: 4/13
  1338 | D:2      | Learned a level 3 spell: Dazzling Spray
  1343 | D:2      | Learned a level 4 spell: Force Lance
  1394 | D:2      | Learned a level 4 spell: Iskenderun's Mystic Blast
  2072 | D:3      | Found a sparkling altar of Nemelex Xobeh.
  2155 | D:3      | Noticed Jessica
  2159 | D:3      | Killed Jessica
  2159 | D:3      | Reached skill level 5 in Conjurations
  2412 | D:4      | Reached XP level 5. HP: 28/28 MP: 5/15
  2598 | D:4      | Noticed a phantom
  2599 | D:4      | Noticed a dagger
  2601 | D:4      | Noticed a hand axe
  2614 | D:4      | Killed a phantom
  2614 | D:4      | Reached XP level 6. HP: 32/32 MP: 1/17
  2615 | D:4      | Found a hide-covered altar of Uskayaw.
  2766 | D:4      | Reached skill level 1 in Translocations
  2942 | D:4      | Reached skill level 2 in Translocations
  3013 | D:4      | Noticed plantmann's ghost (amateur HOGl)
  3039 | D:5      | Entered Level 5 of the Dungeon
  3097 | D:5      | Reached skill level 3 in Translocations
  3361 | D:5      | Reached skill level 4 in Translocations
  3365 | D:5      | Got a warped mace {crush}
  3436 | D:5      | Reached XP level 7. HP: 36/36 MP: 15/18
  3583 | D:5      | Noticed Menkaure
  3589 | D:5      | Killed Menkaure
  3589 | D:5      | Reached skill level 5 in Translocations
  3640 | D:5      | Found a basalt altar of Yredelemnul.
  3644 | D:5      | Found a shadowy altar of Dithmenos.
  3772 | D:5      | Found an opulent altar of Gozag.
  3772 | D:5      | Found an iron altar of Okawaru.
  3772 | D:5      | Found a glowing silver altar of Zin.
  3773 | D:5      | Found a blossoming altar of Fedhas.
  3774 | D:5      | Found a deep blue altar of Sif Muna.
  3775 | D:5      | Found a bloodstained altar of Trog.
  3777 | D:5      | Found a radiant altar of Vehumet.
  3783 | D:5      | Became a worshipper of Vehumet
  3861 | D:6      | Found a glowing drain.
  3875 | Sewer    | Entered a sewer
  4202 | Sewer    | Reached * piety under Vehumet
  4202 | Sewer    | Offered knowledge of Sandblast by Vehumet.
  4208 | Sewer    | Reached skill level 6 in Translocations
  4371 | Sewer    | Reached skill level 7 in Translocations
  4716 | D:6      | Found an iron altar of Okawaru.
  4729 | D:6      | Slain by an orc warrior

Skill      XL: |  1  2  3  4  5  6  7 |
---------------+----------------------+-----
Spellcasting   | 4 5 6 |  6.0
Conjurations   | 5 6 |  6.7
Translocations | 4 7 |  7.2
Dodging        | |  2.4
Stealth        | |  2.4

Action                   |  1- 3 |  4- 6 |  7- 9 || total
-------------------------+-------+-------+-------++-------
Melee: Dagger            |     1 |       |       ||     1
       Short sword       |       |     3 |     6 ||     9
       Quarterstaff      |       |       |     1 ||     1
 Cast: Magic Dart        |    56 |    94 |   100 ||   250
       Searing Ray       |     6 |    15 |     4 ||    25
       Iskenderun's Myst |       |       |     4 ||     4
Evoke: Wand              |       |       |     6 ||     6
  Use: Scroll            |       |     2 |     3 ||     5
  Eat: Chunk             |     1 |     6 |     5 ||    12
Armor: Robe              |     3 |     7 |    13 ||    23
Dodge: Dodged            |     3 |    27 |    30 ||    60
